[Event "45th FIDE Womens Olympiad 2024"]
[Site "Budapest"]
[Date "2024.09.12"]
[Round "2.131"]
[White "Cramling Bellon, Anna"]
[Black "Ning, Isabelle Yixuan"]
[Result "1-0"]
[ECO "E92"]
[WhiteElo "2066"]
[BlackElo "1915"]
[Annotator "NA"]
[PlyCount "95"]
[EventDate "2024.09.05"]
[EventType "team-tourn"]
[EventCountry "HUN"]
[SourceTitle "playchess.com"]
[Source "ChessBase"]
[SourceQuality "1"]
[WhiteTeam "Sweden"]
[BlackTeam "New Zealand"]
[WhiteTeamCountry "SWE"]
[BlackTeamCountry "NZL"]
[TimeControl "40/5400+30:1800+30"]

1. d4 Nf6 2. c4 g6 3. Nc3 Bg7 4. e4 d6 5. h3 O-O 6. Nf3 e5 7. d5 a5 8. Bg5 Na6 9. Nd2 Qe8 10. Be2 Nd7 11. g4 Ndc5 12. Nb3 a4 13. Nxc5 Nxc5 14. Qd2 f5 15. gxf5 gxf5 16. Rg1 Kh8 17. Bh6 Bxh6 18. Qxh6 Qe7 19. f3 Qf6 20. Rg6 Qxg6 21. Qxf8+ Qg8 22. Qf6+ Qg7 23. Qd8+ Qg8 24. Qxg8+ Kxg8 25. h4 Bd7 26. Kd2 Rf8 27. Rg1+ Kh8 28. Ke3 fxe4 29. Nxe4 Nxe4 30. fxe4 Rf4 31. h5 h6 32. b4 axb3 33. axb3 Rh4 34. b4 Be8 35. Ra1 Bxh5 36. Bxh5 Rxh5 37. Ra8+ Kg7 38. Rc8 Rh3+ 39. Kf2 Rc3 40. Rxc7+ Kf6 41. c5 Rc4 42. cxd6 Rxe4 43. Rc8 Rf4+ 44. Ke3 Rd4 45. d7 Rxd5 46. d8=Q+ Rxd8 47. Rxd8 h5 48. Rh8 1-0

[Event "45th FIDE Womens Olympiad 2024"]
[Site "Budapest"]
[Date "2024.09.12"]
[Round "2.132"]
[White "Braganza, Nadia"]
[Black "Valcu, Lavinia"]
[Result "1/2-1/2"]
[ECO "A25"]
[WhiteElo "1890"]
[BlackElo "2076"]
[Annotator "NA"]
[PlyCount "78"]
[EventDate "2024.09.05"]
[EventType "team-tourn"]
[EventCountry "HUN"]
[SourceTitle "playchess.com"]
[Source "ChessBase"]
[SourceQuality "1"]
[WhiteTeam "New Zealand"]
[BlackTeam "Sweden"]
[WhiteTeamCountry "NZL"]
[BlackTeamCountry "SWE"]
[TimeControl "40/5400+30:1800+30"]

1. c4 e5 2. Nc3 Nc6 3. g3 Nf6 4. Bg2 Bc5 5. e3 d5 6. Nxd5 Nxd5 7. cxd5 Nb4 8. d3 Nxd5 9. Nf3 Qe7 10. O-O O-O 11. d4 exd4 12. Nxd4 Nf6 13. Nb3 Bb6 14. Qc2 Re8 15. Nd2 c6 16. b3 Bg4 17. Bb2 Rad8 18. Nc4 Bc7 19. Bd4 b5 20. Nb2 Be5 21. Bxe5 Qxe5 22. Nd3 Qf5 23. Nb4 Qxc2 24. Nxc2 c5 25. Bc6 Bd7 26. Bxd7 Rxd7 27. Na3 a6 28. Rad1 Red8 29. Rxd7 Rxd7 30. Rc1 Rd5 31. Nc2 Kf8 32. Ne1 Nd7 33. Nf3 Ke7 34. Kf1 c4 35. bxc4 Rc5 36. Nd2 Nb6 37. Ke2 bxc4 38. Rc3 Ke6 39. e4 a5 1/2-1/2

[Event "45th FIDE Womens Olympiad 2024"]
[Site "Budapest"]
[Date "2024.09.12"]
[Round "2.133"]
[White "Paulo, Jemima"]
[Black "Khamdamova, Afruza"]
[Result "0-1"]
[ECO "D58"]
[WhiteElo "2037"]
[BlackElo "2313"]
[Annotator "ChessBase"]
[PlyCount "73"]
[EventDate "2024.09.05"]
[EventType "team-tourn"]
[EventCountry "HUN"]
[SourceTitle "playchess.com"]
[Source "ChessBase"]
[SourceQuality "1"]
[WhiteTeam "Angola"]
[BlackTeam "Uzbekistan"]
[WhiteTeamCountry "ANG"]
[BlackTeamCountry "UZB"]
[TimeControl "40/5400+30:1800+30"]

1. c4 e6 2. Nc3 d5 3. d4 Nf6 4. Nf3 Be7 5. Bg5 h6 6. Bh4 O-O 7. e3 b6 8. Bd3 dxc4 9. Bxc4 Bb7 10. O-O a6 11. Qe2 Nbd7 12. Rfd1 b5 13. Bd3 Qe8 14. Rac1 c5 15. dxc5 Nxc5 16. Bxf6 Nxd3 17. Rxd3 Bxf6 18. e4 b4 19. Nd1 Qb5 20. Rd2 Qxe2 21. Rxe2 Rac8 22. Rxc8 Rxc8 23. Kf1 g5 24. Ke1 Rc1 25. Kd2 Ra1 26. Ne1 Rxa2 27. Kc2 Ra1 28. f3 Bc6 29. e5 Bg7 30. Nf2 a5 31. Ned3 Rg1 32. Ng4 Bf8 33. Rd2 a4 34. Ne3 Bb5 35. h3 Kg7 36. h4 gxh4 37. Nf4 0-1

[Event "45th FIDE Womens Olympiad 2024"]
[Site "Budapest"]
[Date "2024.09.12"]
[Round "2.134"]
[White "Yakubbaeva, Nilufar"]
[Black "Caxita, Esperanca"]
[Result "0-1"]
[ECO "B01"]
[WhiteElo "2248"]
[BlackElo "1932"]
[Annotator "ChessBase"]
[PlyCount "80"]
[EventDate "2024.09.05"]
[EventType "team-tourn"]
[EventCountry "HUN"]
[SourceTitle "playchess.com"]
[Source "ChessBase"]
[SourceQuality "1"]
[WhiteTeam "Uzbekistan"]
[BlackTeam "Angola"]
[WhiteTeamCountry "UZB"]
[BlackTeamCountry "ANG"]
[TimeControl "40/5400+30:1800+30"]

1. e4 d5 2. exd5 Qxd5 3. Nc3 Qd6 4. d4 Nf6 5. Nf3 a6 6. g3 Bg4 7. h3 Bh5 8. Bg2 Nc6 9. d5 Ne5 10. Bf4 Bxf3 11. Bxf3 Nxf3+ 12. Qxf3 e5 13. Qe2 Nd7 14. O-O-O Be7 15. Be3 O-O-O 16. g4 h6 17. Ne4 Qb4 18. f3 Nb6 19. a3 Qc4 20. Qxc4 Nxc4 21. Bf2 g6 22. Rd3 f5 23. Nc5 Bg5+ 24. Kb1 Nd2+ 25. Ka2 e4 26. fxe4 fxe4 27. Rd4 e3 28. Bg3 Rhe8 29. h4 Bf6 30. Rd3 Nc4 31. b3 Nb2 32. Ne6 Nxd3 33. Nxd8 Rxd8 34. cxd3 Rxd5 35. Rf1 Bc3 36. Rf8+ Rd8 37. Rf7 Rxd3 38. Rxc7+ Kd8 39. Rc4 e2 40. Bf2 Rf3 0-1

[Event "45th FIDE Womens Olympiad 2024"]
[Site "Budapest"]
[Date "2024.09.12"]
[Round "2.135"]
[White "Junior, Ednasia"]
[Black "Omonova, Umida"]
[Result "0-1"]
[ECO "A21"]
[WhiteElo "1888"]
[BlackElo "2032"]
[Annotator "NA"]
[PlyCount "60"]
[EventDate "2024.09.05"]
[EventType "team-tourn"]
[EventCountry "HUN"]
[SourceTitle "playchess.com"]
[Source "ChessBase"]
[SourceQuality "1"]
[WhiteTeam "Angola"]
[BlackTeam "Uzbekistan"]
[WhiteTeamCountry "ANG"]
[BlackTeamCountry "UZB"]
[TimeControl "40/5400+30:1800+30"]

1. c4 e5 2. Nc3 d6 3. g3 f5 4. Bg2 Nf6 5. e3 Be7 6. Nge2 O-O 7. O-O a5 8. b3 c6 9. Ba3 Be6 10. d4 Qc7 11. Rc1 Na6 12. Qd2 Rad8 13. e4 fxe4 14. Nxe4 Bf5 15. Nxf6+ Bxf6 16. d5 c5 17. Nc3 Qe7 18. Rce1 Bg5 19. f4 Bh6 20. Qe2 Nb4 21. fxe5 Bd3 22. Rxf8+ Rxf8 23. Qd1 Nc2 24. Bxc5 dxc5 25. d6 Qg5 26. Qxd3 Nxe1 27. Qe2 Qe3+ 28. Qxe3 Bxe3+ 29. Kh1 Nxg2 30. Kxg2 Bd4 0-1

[Event "45th FIDE Womens Olympiad 2024"]
[Site "Budapest"]
[Date "2024.09.12"]
[Round "2.136"]
[White "Malikova, Marjona"]
[Black "Pires, Luzia"]
[Result "1-0"]
[ECO "D35"]
[WhiteElo "2083"]
[BlackElo "1877"]
[Annotator "NA"]
[PlyCount "42"]
[EventDate "2024.09.05"]
[EventType "team-tourn"]
[EventCountry "HUN"]
[SourceTitle "playchess.com"]
[Source "ChessBase"]
[SourceQuality "1"]
[WhiteTeam "Uzbekistan"]
[BlackTeam "Angola"]
[WhiteTeamCountry "UZB"]
[BlackTeamCountry "ANG"]
[TimeControl "40/5400+30:1800+30"]

1. d4 d5 2. c4 e6 3. Nc3 Nf6 4. cxd5 exd5 5. Bg5 Be7 6. e3 O-O 7. Bd3 b6 8. Qc2 h6 9. Bh4 Ba6 10. Nf3 Bxd3 11. Qxd3 c6 12. Ne5 Ne4 13. Bxe7 Qxe7 14. Nxe4 dxe4 15. Qc4 c5 16. Ng6 Qg5 17. Nxf8 Kxf8 18. dxc5 Qxg2 19. O-O-O Qg5 20. cxb6 Nd7 21. Rxd7 axb6 1-0

[Event "45th FIDE Womens Olympiad 2024"]
[Site "Budapest"]
[Date "2024.09.12"]
[Round "2.137"]
[White "Dolgova, Olga"]
[Black "Cordero, Daniela"]
[Result "1/2-1/2"]
[ECO "D02"]
[WhiteElo "2171"]
[BlackElo "2017"]
[Annotator "ChessBase"]
[PlyCount "140"]
[EventDate "2024.09.05"]
[EventType "team-tourn"]
[EventCountry "HUN"]
[SourceTitle "playchess.com"]
[Source "ChessBase"]
[SourceQuality "1"]
[WhiteTeam "Norway"]
[BlackTeam "Bolivia"]
[WhiteTeamCountry "NOR"]
[BlackTeamCountry "BOL"]
[TimeControl "40/5400+30:1800+30"]

1. d4 e6 2. Bf4 d5 3. e3 Bd6 4. Nf3 Nf6 5. Ne5 O-O 6. Bd3 Ne4 7. f3 Bxe5 8. Bxe5 Nd6 9. Nd2 f6 10. Bg3 Nf5 11. Bf2 Nc6 12. c3 e5 13. O-O exd4 14. exd4 Nd6 15. Qc2 f5 16. Rfe1 Qf6 17. Bg3 Qh6 18. Be5 Nxe5 19. Rxe5 c6 20. Rae1 Bd7 21. Nf1 f4 22. b3 Rad8 23. Nd2 Nf7 24. R5e2 Ng5 25. c4 Qf6 26. Re5 dxc4 27. Qxc4+ Kh8 28. Qb4 Bc8 29. Bc4 Qg6 30. Kh1 b5 31. Bf1 Ne6 32. d5 cxd5 33. Bxb5 a6 34. Bc6 d4 35. Bd5 Rfe8 36. Be4 Qf6 37. Bd3 h6 38. Qb6 Qh4 39. Bf5 Qf2 40. R5e2 Qh4 41. h3 Nc7 42. Qxc7 Rxe2 43. Rxe2 Bxf5 44. Qf7 Rc8 45. Re8+ Rxe8 46. Qxe8+ Kh7 47. Qe5 Bd3 48. Kg1 Qg3 49. b4 Bb5 50. Qe4+ Kh8 51. Qa8+ Kh7 52. Qe4+ Kh8 53. Qa8+ Kh7 54. Qe4+ Kh8 55. a4 Bxa4 56. Nf1 Qg5 57. Qxd4 Bb5 58. Nd2 Qg3 59. Qe4 Qh4 60. Nb3 Qg3 61. Nd4 Bc4 62. Nf5 Qg5 63. h4 Qf6 64. Qxf4 Be6 65. Qb8+ Kh7 66. Ng3 Qd4+ 67. Kh2 Qxh4+ 68. Kg1 Qd4+ 69. Kh2 Qh4+ 70. Kg1 Qd4+ 1/2-1/2

[Event "45th FIDE Womens Olympiad 2024"]
[Site "Budapest"]
[Date "2024.09.12"]
[Round "2.138"]
[White "Monroy G., Nataly A."]
[Black "Koskela, Niina"]
[Result "0-1"]
[ECO "A46"]
[WhiteElo "1939"]
[BlackElo "2173"]
[Annotator "ChessBase"]
[PlyCount "90"]
[EventDate "2024.09.05"]
[EventType "team-tourn"]
[EventCountry "HUN"]
[SourceTitle "playchess.com"]
[Source "ChessBase"]
[SourceQuality "1"]
[WhiteTeam "Bolivia"]
[BlackTeam "Norway"]
[WhiteTeamCountry "BOL"]
[BlackTeamCountry "NOR"]
[TimeControl "40/5400+30:1800+30"]

1. d4 Nf6 2. Nf3 e6 3. Bg5 h6 4. Bf4 b6 5. h3 Bb7 6. e3 d6 7. Bd3 Be7 8. O-O O-O 9. Nbd2 Nbd7 10. Bh2 d5 11. c4 c5 12. Rc1 Rc8 13. b3 cxd4 14. exd4 Ba3 15. Rc2 Qe7 16. Nb1 Bd6 17. Bxd6 Qxd6 18. Nc3 a6 19. cxd5 Nxd5 20. Nxd5 Qxd5 21. Bc4 Qf5 22. Ne1 Nf6 23. Bd3 Qd5 24. Bc4 Qd6 25. a4 Rfd8 26. Rd2 Ne4 27. Rd3 b5 28. axb5 axb5 29. Bxb5 Nc3 30. Qh5 g6 31. Qxh6 Nxb5 32. Rg3 Qxd4 33. h4 Qg7 34. Qg5 Nc3 35. Re3 Ne4 36. Qe7 Bd5 37. Nf3 Qf8 38. Qa7 Qc5 39. Qa4 Ra8 40. Qd4 Qxd4 41. Nxd4 Ra2 42. f3 Ng3 43. Rd1 Nf5 44. Nxf5 gxf5 45. Rd4 Rc8 0-1

[Event "45th FIDE Womens Olympiad 2024"]
[Site "Budapest"]
[Date "2024.09.12"]
[Round "2.139"]
[White "Stanford, Sheila Barth"]
[Black "Yepez Montenegro, Gloria Luz"]
[Result "1-0"]
[ECO "C02"]
[WhiteElo "2175"]
[BlackElo "1818"]
[Annotator "ChessBase"]
[PlyCount "83"]
[EventDate "2024.09.05"]
[EventType "team-tourn"]
[EventCountry "HUN"]
[SourceTitle "playchess.com"]
[Source "ChessBase"]
[SourceQuality "1"]
[WhiteTeam "Norway"]
[BlackTeam "Bolivia"]
[WhiteTeamCountry "NOR"]
[BlackTeamCountry "BOL"]
[TimeControl "40/5400+30:1800+30"]

1. e4 e6 2. d4 d5 3. e5 c5 4. c3 Nc6 5. Nf3 Bd7 6. Bd3 cxd4 7. O-O dxc3 8. Nxc3 a6 9. Be3 Nge7 10. Bc5 Ng6 11. Bxf8 Nxf8 12. Re1 Ng6 13. g3 O-O 14. h4 f6 15. Bxg6 hxg6 16. Qd2 Qb6 17. Na4 Qa7 18. Rac1 fxe5 19. Ng5 e4 20. Nc5 Rad8 21. Qe3 Bc8 22. Ncxe6 Bxe6 23. Qxa7 Nxa7 24. Nxe6 Nc6 25. Nxd8 Rxd8 26. Re3 Rf8 27. Rc5 Rd8 28. f3 exf3 29. Rxf3 Ne5 30. Re3 Nc6 31. Kf2 Kf7 32. Ke1 Kf6 33. Kd2 Ne5 34. b3 Nc6 35. Rc1 g5 36. Rf1+ Kg6 37. Re6+ Kh7 38. hxg5 Nd4 39. Re7 Kg6 40. Rxb7 Ne6 41. Rb6 Re8 42. Re1 1-0

[Event "45th FIDE Womens Olympiad 2024"]
[Site "Budapest"]
[Date "2024.09.12"]
[Round "2.140"]
[White "Gareca Ordonez, Carla Angelica"]
[Black "Machlik, Monika"]
[Result "0-1"]
[ECO "A05"]
[WhiteElo "1778"]
[BlackElo "2109"]
[Annotator "NA"]
[PlyCount "66"]
[EventDate "2024.09.05"]
[EventType "team-tourn"]
[EventCountry "HUN"]
[SourceTitle "playchess.com"]
[Source "ChessBase"]
[SourceQuality "1"]
[WhiteTeam "Bolivia"]
[BlackTeam "Norway"]
[WhiteTeamCountry "BOL"]
[BlackTeamCountry "NOR"]
[TimeControl "40/5400+30:1800+30"]

1. Nf3 Nf6 2. g3 b5 3. Bg2 Bb7 4. b3 e6 5. Bb2 c5 6. O-O Be7 7. d3 d5 8. Nbd2 O-O 9. Re1 Nc6 10. c4 a6 11. Rc1 Qb6 12. cxd5 Nxd5 13. Ne4 Rac8 14. e3 Rfd8 15. Nfg5 h6 16. Nxf7 Kxf7 17. Qh5+ Kg8 18. Qg6 e5 19. Nxc5 Bf6 20. Be4 Nce7 21. Qh7+ Kf7 22. Nxb7 Qxb7 23. Bg2 Rxc1 24. Rxc1 Rc8 25. Re1 Qd7 26. d4 Ng6 27. Be4 Nde7 28. dxe5 Rh8 29. e6+ Qxe6 30. Qxh8 Nxh8 31. Bxf6 Qxe4 32. Bd4 Nc6 33. Bc5 Ne5 0-1

[Event "45th FIDE Womens Olympiad 2024"]
[Site "Budapest"]
[Date "2024.09.12"]
[Round "2.141"]
[White "Gong, Qianyun"]
[Black "Rogule, Laura"]
[Result "1/2-1/2"]
[ECO "B28"]
[WhiteElo "2250"]
[BlackElo "2248"]
[Annotator "ChessBase"]
[PlyCount "128"]
[EventDate "2024.09.05"]
[EventType "team-tourn"]
[EventCountry "HUN"]
[SourceTitle "playchess.com"]
[Source "ChessBase"]
[SourceQuality "1"]
[WhiteTeam "Singapore"]
[BlackTeam "Latvia"]
[WhiteTeamCountry "SIN"]
[BlackTeamCountry "LAT"]
[TimeControl "40/5400+30:1800+30"]

1. e4 c5 2. c3 d5 3. exd5 Qxd5 4. d4 e6 5. Nf3 a6 6. Be2 Nf6 7. O-O Nc6 8. Be3 cxd4 9. cxd4 Be7 10. Nc3 Qd6 11. Qd2 O-O 12. Bf4 Qd8 13. Rac1 b5 14. Rfd1 Bb7 15. Qe1 Rc8 16. Bf1 Nd5 17. Bg3 Nxc3 18. bxc3 Na5 19. Ne5 Ba3 20. Rc2 Bd5 21. Bd3 Nc4 22. Qe2 Nxe5 23. Bxe5 Qg5 24. Be4 Bxe4 25. Qxe4 Qg6 26. Qe2 Rc4 27. Rd3 f6 28. Bg3 Qf5 29. Re3 Kf7 30. Rd2 Qd5 31. Rdd3 Rfc8 32. h3 a5 33. Kh2 Bc1 34. Rf3 Ra4 35. Rd1 Ba3 36. Rb1 Rac4 37. Re3 a4 38. Qc2 g6 39. Qd2 R8c6 40. Rf3 Kg7 41. Qe2 Be7 42. Re3 Kf7 43. Qe1 Bd8 44. Rf3 Kg7 45. Bf4 Ba5 46. Bd2 Bc7+ 47. Kg1 g5 48. Rd3 Rb6 49. Qe2 Rcc6 50. Be3 Rb8 51. Rf1 h6 52. f4 Rf8 53. Bc1 Bd6 54. Rdf3 b4 55. cxb4 Bxb4 56. Be3 Be7 57. Qf2 Rc3 58. Re1 Ra3 59. Re2 Rd3 60. Re1 Ra3 61. Re2 Rd3 62. Re1 Ra3 63. Re2 Rd3 64. Re1 Ra3 1/2-1/2

[Event "45th FIDE Womens Olympiad 2024"]
[Site "Budapest"]
[Date "2024.09.12"]
[Round "2.142"]
[White "Ter-Avetisjana, Agnesa Stepania"]
[Black "Pang, Kay Yan Eden"]
[Result "0-1"]
[ECO "B54"]
[WhiteElo "2134"]
[BlackElo "1847"]
[Annotator "NA"]
[PlyCount "136"]
[EventDate "2024.09.05"]
[EventType "team-tourn"]
[EventCountry "HUN"]
[SourceTitle "playchess.com"]
[Source "ChessBase"]
[SourceQuality "1"]
[WhiteTeam "Latvia"]
[BlackTeam "Singapore"]
[WhiteTeamCountry "LAT"]
[BlackTeamCountry "SIN"]
[TimeControl "40/5400+30:1800+30"]

1. e4 c5 2. Nf3 e6 3. c4 d6 4. Nc3 Nc6 5. d4 cxd4 6. Nxd4 Be7 7. Be3 Nf6 8. Be2 O-O 9. O-O Nxd4 10. Qxd4 b6 11. Rad1 Bb7 12. f4 Re8 13. Bf3 Qc8 14. Qd3 Rd8 15. Qe2 Bc6 16. g4 Qb7 17. Qg2 a6 18. a4 Rac8 19. f5 Nd7 20. g5 exf5 21. Nd5 Bxd5 22. Rxd5 Ne5 23. Be2 Nxc4 24. Bd4 Ne5 25. Rxf5 Rc1+ 26. Bf1 Rdc8 27. Bc3 Ra1 28. Qf2 g6 29. Rf3 Nxf3+ 30. Qxf3 Rc5 31. Qd3 Rxd5 32. exd5 Qc8 33. b3 Qg4+ 34. Kf2 Ra2+ 35. Be2 Qf5+ 36. Qxf5 gxf5 37. Kf3 Bxg5 38. Bxa6 Rxh2 39. Bf1 Rh1 40. Kg2 Rh4 41. Bd3 Rg4+ 42. Kf3 Bh4 43. Bd2 Rd4 44. Ke2 Rxd5 45. Bc3 f4 46. Be4 Rg5 47. Bd4 d5 48. Bf3 Rg6 49. Kd3 Rd6 50. Be5 Re6 51. Bd4 Bf6 52. Bf2 d4 53. b4 Kg7 54. Kc4 Rd6 55. Be4 h5 56. a5 bxa5 57. bxa5 h4 58. Kc5 Rd8 59. a6 d3 60. a7 d2 61. Bf3 h3 62. Bg1 h2 63. Bxh2 Bd4+ 64. Kc4 Bxa7 65. Bd1 f3 66. Be5+ f6 67. Bg3 f2 68. Bxf2 Bxf2 0-1

[Event "45th FIDE Womens Olympiad 2024"]
[Site "Budapest"]
[Date "2024.09.12"]
[Round "2.143"]
[White "Rice, Lauren"]
[Black "Krumina, Linda"]
[Result "1/2-1/2"]
[ECO "E11"]
[WhiteElo "1824"]
[BlackElo "2091"]
[Annotator "NA"]
[PlyCount "106"]
[EventDate "2024.09.05"]
[EventType "team-tourn"]
[EventCountry "HUN"]
[SourceTitle "playchess.com"]
[Source "ChessBase"]
[SourceQuality "1"]
[WhiteTeam "Singapore"]
[BlackTeam "Latvia"]
[WhiteTeamCountry "SIN"]
[BlackTeamCountry "LAT"]
[TimeControl "40/5400+30:1800+30"]

1. d4 Nf6 2. c4 e6 3. Nf3 d5 4. g3 Bb4+ 5. Bd2 Be7 6. Bg2 Nbd7 7. O-O O-O 8. Qc2 c6 9. Rd1 Ne4 10. Nc3 f5 11. Bf4 g5 12. Be5 g4 13. Ne1 Nxe5 14. dxe5 Qb6 15. e3 Bg5 16. Nxe4 dxe4 17. Bxe4 fxe4 18. Qxe4 Qxb2 19. Nc2 Rf5 20. Rd2 Qxe5 21. Qxg4 Qg7 22. Rad1 e5 23. c5 Rf8 24. Qc4+ Qf7 25. Qe2 Be6 26. h4 Be7 27. Nb4 Bxc5 28. Nd3 Bd6 29. Nf4 exf4 30. Rxd6 fxe3 31. Qxe3 Rae8 32. R1d4 Bd5 33. Rg4+ Qg7 34. Rxg7+ Kxg7 35. Rd7+ Kf6 36. Qg5+ Ke6 37. Rxb7 Kd6 38. Rb1 Rf7 39. Qd2 Re4 40. Qh6+ Re6 41. Qd2 Re4 42. Rd1 Rfe7 43. Qa5 h5 44. Qd2 Kd7 45. Qa5 Ke8 46. Rxd5 cxd5 47. Qxd5 R4e5 48. Qc6+ Kf7 49. Qh6 a5 50. Qh7+ Kf6 51. Qh6+ Kf7 52. Qh7+ Kf6 53. Qh6+ Kf7 1/2-1/2

[Event "45th FIDE Womens Olympiad 2024"]
[Site "Budapest"]
[Date "2024.09.12"]
[Round "2.144"]
[White "Vidruska, Renate"]
[Black "Fang, Kun"]
[Result "0-1"]
[ECO "C54"]
[WhiteElo "2035"]
[BlackElo "1769"]
[Annotator "NA"]
[PlyCount "116"]
[EventDate "2024.09.05"]
[EventType "team-tourn"]
[EventCountry "HUN"]
[SourceTitle "playchess.com"]
[Source "ChessBase"]
[SourceQuality "1"]
[WhiteTeam "Latvia"]
[BlackTeam "Singapore"]
[WhiteTeamCountry "LAT"]
[BlackTeamCountry "SIN"]
[TimeControl "40/5400+30:1800+30"]

1. e4 e5 2. Nf3 Nc6 3. Bc4 Bc5 4. c3 Nf6 5. d3 d6 6. O-O h6 7. Re1 O-O 8. h3 a6 9. a4 Re8 10. Nbd2 Ba7 11. b4 Be6 12. Bxe6 Rxe6 13. Bb2 Ne7 14. Nf1 Ng6 15. c4 Qe8 16. Ng3 c6 17. a5 Rd8 18. Qc2 d5 19. Nf5 Bb8 20. g3 Ne7 21. Ne3 d4 22. Ng2 Nh7 23. Nd2 Qd7 24. Nb3 Ng5 25. Nc5 Nf3+ 26. Kh1 Qc8 27. Nxe6 Qxe6 28. g4 Nxe1 29. Rxe1 Ng6 30. Bc1 Qf6 31. Qe2 Bc7 32. Bd2 Re8 33. Rf1 Re6 34. f3 Qe7 35. Qe1 Rf6 36. Qg3 Bd6 37. Qe1 Bc7 38. Kh2 Re6 39. Qg3 Bd8 40. Qe1 Bc7 41. Qc1 Bd8 42. Kh1 Nh4 43. f4 Nxg2 44. Kxg2 exf4 45. Rxf4 Bc7 46. Rf5 Rf6 47. Qg1 Rxf5 48. gxf5 Be5 49. Kf3 Kh7 50. Qg4 Bd6 51. c5 Be5 52. Ke2 Qe8 53. f6 Bxf6 54. Qf5+ Kg8 55. Bxh6 Qe6 56. Bf4 Bh4 57. Qxe6 fxe6 58. e5 Kf7 0-1

[Event "45th FIDE Womens Olympiad 2024"]
[Site "Budapest"]
[Date "2024.09.12"]
[Round "2.145"]
[White "Alinasab, Mobina"]
[Black "Ortez, Andrea"]
[Result "1-0"]
[ECO "B31"]
[WhiteElo "2336"]
[BlackElo "1948"]
[Annotator "TA"]
[PlyCount "63"]
[EventDate "2024.09.05"]
[EventType "team-tourn"]
[EventCountry "HUN"]
[SourceTitle "playchess.com"]
[Source "ChessBase"]
[SourceQuality "1"]
[WhiteTeam "Iran"]
[BlackTeam "El Salvador"]
[WhiteTeamCountry "IRI"]
[BlackTeamCountry "ESA"]
[TimeControl "40/5400+30:1800+30"]

1. e4 c5 2. Nf3 Nc6 3. Bb5 g6 4. Bxc6 dxc6 5. d3 Bg7 6. h3 Nf6 7. Nc3 Nd7 8. Be3 e5 9. Qd2 h6 10. O-O Qe7 11. Nh2 Nf8 {White is slightly better.} 12. f4 exf4 13. Bxf4 Ne6 14. Bg3 Nd4 15. Rae1 h5 {[#]} 16. Nd5 $1 cxd5 17. exd5 Ne6 18. dxe6 Bxe6 19. Be5 Bh6 20. Bf4 Bg7 21. Nf3 $36 {[%mdl 2048] White fights for an advantage.} Qd7 (21... O-O $11) 22. Be5 Bh6 (22... f6 $2 23. Bxf6 Bxf6 24. Rxe6+ Qxe6 25. Re1 $18) 23. Qc3 O-O 24. Qxc5 Rac8 25. Qf2 {White is more active.} ({Don't play} 25. Qxa7 Rxc2 26. Nd4 Rxg2+ 27. Kxg2 Bxh3+ 28. Kf2 Bxf1 29. Rxf1 f6 $11) 25... Rfe8 26. a3 ({Much weaker is} 26. Qxa7 $6 Rxc2 27. Bc3 Bf8 $14 (27... Qxd3 28. Qd4 $16)) 26... b5 27. Bc3 a6 28. Qh4 Qd8 29. Qf2 (29. Bf6 $16 Qb6+ 30. Bd4) 29... Qc7 (29... Qd7 $1 $11 {remains equal.}) 30. Kh1 {And now Qd4 would win.} Qd6 31. Nd2 {Black must now prevent Ne4.} Bd7 $2 {[%mdl 8192] [#]} (31... f5 $16 32. Nf3 Bf7 33. Rxe8+ Rxe8) 32. Qxf7# {Weighted Error Value: White=0.13 (very precise) /Black=0.39.  Loses game:     	---       	Black=1      Mistake:       	White=1     	Black=2      Inaccurate:     	White=1     	---        OK:         	White=11    	Black=10     Best:        	White=1     	Black=1} 1-0

[Event "45th FIDE Womens Olympiad 2024"]
[Site "Budapest"]
[Date "2024.09.12"]
[Round "2.146"]
[White "Garcia, Angie"]
[Black "Azali, Tannaz"]
[Result "0-1"]
[ECO "B41"]
[WhiteElo "2015"]
[BlackElo "2125"]
[Annotator "NA"]
[PlyCount "92"]
[EventDate "2024.09.05"]
[EventType "team-tourn"]
[EventCountry "HUN"]
[SourceTitle "playchess.com"]
[Source "ChessBase"]
[SourceQuality "1"]
[WhiteTeam "El Salvador"]
[BlackTeam "Iran"]
[WhiteTeamCountry "ESA"]
[BlackTeamCountry "IRI"]
[TimeControl "40/5400+30:1800+30"]

1. e4 c5 2. Nf3 e6 3. d4 cxd4 4. Nxd4 a6 5. c4 Nf6 6. Nc3 Bb4 7. Qd3 d6 8. Bd2 Nbd7 9. f3 Ne5 10. Qc2 Bd7 11. Nb3 Rc8 12. a3 Bxc3 13. Bxc3 Ba4 14. Bxe5 dxe5 15. Qc3 Nxe4 16. fxe4 Qh4+ 17. Ke2 Qxe4+ 18. Kf2 Qf4+ 19. Ke1 Qh4+ 20. Kd2 Rd8+ 21. Ke2 Qe4+ 22. Kf2 Qf4+ 23. Ke1 Bxb3 24. Be2 Ba4 25. Qb4 Bc6 26. Rf1 Qxh2 27. Rf2 Qh4 28. Rc1 e4 29. Rc3 Qg5 30. Qb3 Qd2+ 31. Kf1 e3 32. Rf4 Bxg2+ 33. Kxg2 Qxe2+ 34. Kg3 Qe1+ 35. Kf3 e2 36. Re3 Qh1+ 37. Kxe2 O-O 38. Rg3 Qh5+ 39. Rff3 e5 40. Qc3 Rd4 41. Kf2 Rfd8 42. Kg2 Rd1 43. Rh3 Qg5+ 44. Rhg3 R8d2+ 45. Rf2 Rxf2+ 46. Kxf2 Qd2+ 0-1

[Event "45th FIDE Womens Olympiad 2024"]
[Site "Budapest"]
[Date "2024.09.12"]
[Round "2.147"]
[White "Karimi, Setayesh"]
[Black "Zavala Galindo, Alejandra Beatriz"]
[Result "1-0"]
[ECO "A67"]
[WhiteElo "2105"]
[BlackElo "1870"]
[Annotator "NA"]
[PlyCount "83"]
[EventDate "2024.09.05"]
[EventType "team-tourn"]
[EventCountry "HUN"]
[SourceTitle "playchess.com"]
[Source "ChessBase"]
[SourceQuality "1"]
[WhiteTeam "Iran"]
[BlackTeam "El Salvador"]
[WhiteTeamCountry "IRI"]
[BlackTeamCountry "ESA"]
[TimeControl "40/5400+30:1800+30"]

1. d4 Nf6 2. c4 c5 3. d5 d6 4. Nc3 e6 5. e4 exd5 6. cxd5 g6 7. f4 Bg7 8. Bb5+ Nfd7 9. a4 O-O 10. Nf3 Na6 11. O-O Nb4 12. Be3 a6 13. Be2 Re8 14. Bf2 Qc7 15. Nd2 Rb8 16. Nc4 Nb6 17. Nd2 Nd7 18. Re1 Nf8 19. Nc4 b6 20. e5 dxe5 21. fxe5 Bf5 22. Bg3 Qd8 23. Nd6 Bc2 24. Qd2 Rxe5 25. Bxe5 Bxe5 26. Nc4 Bd4+ 27. Kh1 Bf5 28. Rf1 Nxd5 29. Nxd5 Qxd5 30. Ne3 Qe5 31. Nxf5 gxf5 32. Bd3 Be3 33. Qc2 f4 34. Bxa6 Re8 35. Bc4 Ne6 36. Qb3 Rb8 37. Rad1 Kf8 38. Rd5 Qc7 39. Rh5 Nd4 40. Qd3 Ke7 41. Qe4+ Kf8 42. Rxh7 1-0

[Event "45th FIDE Womens Olympiad 2024"]
[Site "Budapest"]
[Date "2024.09.12"]
[Round "2.148"]
[White "Barahona, Dalila Yamileth"]
[Black "Behzad Nazif, Parva"]
[Result "1-0"]
[ECO "A20"]
[WhiteElo "1833"]
[BlackElo "2092"]
[Annotator "NA"]
[PlyCount "72"]
[EventDate "2024.09.05"]
[EventType "team-tourn"]
[EventCountry "HUN"]
[SourceTitle "playchess.com"]
[Source "ChessBase"]
[SourceQuality "1"]
[WhiteTeam "El Salvador"]
[BlackTeam "Iran"]
[WhiteTeamCountry "ESA"]
[BlackTeamCountry "IRI"]
[TimeControl "40/5400+30:1800+30"]

1. c4 e5 2. g3 c6 3. d4 Bb4+ 4. Bd2 Bxd2+ 5. Qxd2 d6 6. Nc3 Nf6 7. Bg2 O-O 8. e3 Re8 9. dxe5 dxe5 10. Qxd8 Rxd8 11. Nf3 Re8 12. O-O a5 13. Rad1 Bg4 14. Rd2 h6 15. h3 Bxf3 16. Bxf3 Na6 17. Rfd1 Nc5 18. b3 Kf8 19. Kf1 Ke7 20. Bg2 Ra6 21. Rb1 Rb6 22. Ke2 Ra8 23. Kd1 Rb4 24. Bf1 Nfe4 25. Nxe4 Nxe4 26. Rc2 a4 27. Bg2 Nc5 28. Rc3 axb3 29. axb3 Ra2 30. Rc2 Ra3 31. Rc3 Raxb3 32. Rbxb3 Rxb3 33. Kc2 Rb4 34. f4 Na4 35. Rb3 Rxc4+ 36. Kd3 b5 1-0